 Dungeon Crawl Stone Soup version 0.26.1-2-gb8aa6d0cf2 (webtiles) character file.

Game seed: 15297571086741675765

39 Descartes the Gusty (level 3, -3/19 HPs)
             Began as a Deep Elf Wanderer on Mar 19, 2021.
             Slain by an adder (4 damage)
             ... on level 2 of the Dungeon.
             The game lasted 00:02:52 (1755 turns).

Descartes the Gusty (Deep Elf Wanderer)             Turns: 1755, Time: 00:02:53

Health: -3/19      AC:  2    Str:  8    XL:     3   Next: 26%
Magic:  1/9        EV: 11    Int: 19    God:
Gold:   24         SH:  0    Dex: 13    Spells: 7/8 levels left

rFire    . . .     SeeInvis .   a - +0 dagger
rCold    . . .     Faith    .   (no shield)
rNeg     . . .     Spirit   .   d - +0 robe
rPois    .         Reflect  .   (no helmet)
rElec    .         Harm     .   (no cloak)
rCorr    .         Rampage  .   (no gloves)
Will     .....                  (no boots)
Stlth    +.........             (no amulet)
HPRegen  0.06/turn              (no ring)
MPRegen  0.11/turn              (no ring)

@: lethally poisoned (-3 -> -8), very slightly contaminated
A: no striking features
a: no special abilities


You were on level 2 of the Dungeon.
You visited 1 branch of the dungeon, and saw 2 of its levels.

You collected 24 gold pieces.

Inventory:

Hand Weapons
 a - a +0 dagger (weapon)
Missiles
 b - 44 stones
 g - 21 arrows
 j - 22 sling bullets
 l - 13 poisoned darts
Armour
 d - a +0 robe (worn)
Scrolls
 c - a scroll of teleportation
 f - a scroll of identify {unknown}
 k - a scroll of amnesia {unknown}
Potions
 e - 2 potions of heal wounds {unknown}
 h - a potion of resistance {unknown}
 i - a potion of curing {unknown}
 m - a potion of degeneration {unknown}


   Skills:
 - Level 1.7 Crossbows
 - Level 1.0 Armour
 - Level 1.5 Shields
 - Level 3.0 Spellcasting
 - Level 1.1 Fire Magic
 + Level 3.7 Air Magic


You had 7 spell levels left.
You knew the following spells:

 Your Spells              Type           Power        Failure   Level
a - Shock                 Conj/Air       40%          7%          1

Your spell library contained the following spells:

 Spells                   Type           Power        Failure   Level
 Swiftness                Air            17%          4%          2
 Corpse Rot               Necr/Air       N/A          11%         2
 Static Discharge         Conj/Air       10%          22%         3
 Airstrike                Air            8%           32%         4
 Lightning Bolt           Conj/Air       5%           89%         5


Dungeon Overview and Level Annotations

Branches:
Dungeon (2/15)

Altars:


Message History

You hit the adder but do no damage.
The adder is severely wounded.
You feel sick. The adder bites you.
You hit the adder but do no damage.
The adder is severely wounded.
The adder bites you.
* * * LOW HITPOINT WARNING * * *
You miss the adder.
The adder is severely wounded.
* * * LOW HITPOINT WARNING * * *
You feel sick. The adder barely misses you. The adder closely misses you.
You closely miss the adder.
The adder is severely wounded.
The adder bites you.
* * * LOW HITPOINT WARNING * * *
You miss the adder.
The adder is severely wounded.
* * * LOW HITPOINT WARNING * * *
You feel sick. The adder bites you.
You die...

..##....######## ...
P.''....'....... ..
PP......#########..
♣P♣..........#.... #
.♣♣PP.######.#.#.#+# .#
.P♣......##..#.#.#.##..#
....).##.##............#
.##.#.#...P.P♣P....#....
....#.#.....♣...@....#
.####.#...P♣♣P.PS?...#
## #.#..P.♣.........#
#.#...P♣♣........#
#.#....♣♣♣P♣.....# #
.#..#P. ♣PP.....# #
#..##.. ......# # #.# #
....... #


You could see an adder.

Vanquished Creatures
  2 dart slugs (D:1)
  3 giant cockroaches
  2 goblins (D:1)
  4 hobgoblins (D:1)
  11 kobolds
  6 bats
  2 frilled lizards (D:1)
  5 rats
35 creatures vanquished.

Vanquished Creatures (others)
  2 plants (D:2)
2 creatures vanquished.

Grand Total: 37 creatures vanquished

Notes
Turn   | Place    | Note
-------+----------+-------------------------------------------
     0 | D:1      | Descartes the Deep Elf Wanderer began the quest for the
                  | Orb.
     0 | D:1      | Descartes set off with the following items: a +0 dagger, a
                  | scroll of teleportation, a +0 robe; and the following spell
                  | memorised: Shock; and the following spells available to
                  | memorise: Swiftness, Corpse Rot, Static Discharge,
                  | Airstrike, Lightning Bolt
     0 | D:1      | Reached XP level 1. HP: 10/10 MP: 6/6
   296 | D:1      | Reached XP level 2. HP: 13/15 MP: 1/8
   781 | D:1      | Reached XP level 3. HP: 18/19 MP: 2/9
  1755 | D:2      | Slain by an adder

Illustrated notes

Levels and vault maps discovered:
D:1:      psy_arrival_radial02, layout_loops_ring
D:2:      layout_basic, elyvilon_altar_4, serial_forest,
          infiniplex_forest_clump_C, infiniplex_forest_clump_long,
          infiniplex_forest_end_1, infiniplex_forest_clump_cross,
          infiniplex_forest_zigzag_1, infiniplex_forest_lined_3,
          infiniplex_forest_side_room, uniq_sigmund

Skill      XL: |  1  2 |
---------------+-------+-----
Air Magic      | 3 |  3.7
Crossbows      | |  1.7
Armour         | |  1.0
Shields        | |  1.5
Spellcasting   | |  3.0
Fire Magic     | |  1.1

Action                   || total
-------------------------++-------
Melee: Dagger            ||    21
 Cast: Shock             ||    84
Armor: Robe              ||    20
Dodge: Dodged            ||    29
